Cogmind - Beta 14 @@@ ROGUE MODE // 2024.12.20 @ 17:02:53 Player: abnormality Result: Destroyed by G-47 Trooper with Particle Gun Performance ------------- Evolutions (2) 1000 Regions Visited (4) 800 Robots Destroyed (33) 165 Value Destroyed (894) 894 Prototype IDs (0) 0 Alien Tech Used (0) 0 Bonus (94) 94 TOTAL SCORE: 2953 Bonus ------- Follower Combat Kills 94 Cogmind --------- Core Integrity 0/550 Matter 234/300 Energy 100/100 System Corruption 0% Temperature Cool (48) Movement Core (200) Ox3 Location -8/Materials Parts ------- > --- POWER (2) -------- (None) > --- PROPULSION (4) --- (None) > --- UTILITY (2) ------ Medium Storage Unit > --- WEAPON (3) ------- (None) > --- INVENTORY (10) --- Light Ion Engine Light Ion Engine Improved Ion Engine Aluminum Leg Medium Storage Unit Peak State ------------ > --- POWER ------------ Ion Engine Reinforced Ion Engine > --- PROPULSION ------- Aluminum Leg Aluminum Leg Aluminum Leg Aluminum Leg > --- UTILITY ---------- Medium Storage Unit Backup Plating I > --- WEAPON ----------- Beam Rifle Beam Rifle Autogun > --- INVENTORY -------- Light Ion Engine Light Ion Engine Improved Ion Engine Aluminum Leg Aluminum Leg Medium Storage Unit [Rating: 15] Favorites ----------- Power Ion Engine Engine Ion Engine Propulsion Aluminum Leg Leg Aluminum Leg Utility Small Storage Unit Device Seismic Detector Storage Small Storage Unit Protection Backup Plating I Weapon Medium Laser Energy Gun Medium Laser Energy Cannon Particle Cannon Ballistic Gun Assault Rifle Build | -11 -10 -10 -9 -8 ------- Run | Yrd Mat Min Mat Mat Slots Evolved 4 | . . . 2 2 Power 1 | . . . . 1 Propulsion 2 | . . . 2 . Utility . | . . . . . Weapon 1 | . . . . 1 Parts Attached 32 | 8 . 1 19 4 Power 6 | 2 . . 3 1 Engine 6 | 2 . . 3 1 Core . | . . . . . Reactor . | . . . . . Propulsion 12 | 2 . . 9 1 Treads . | . . . . . Leg 12 | 2 . . 9 1 Wheel . | . . . . . Hover . | . . . . . Flight . | . . . . . Utility 3 | 2 . . 1 . Device 1 | 1 . . . . Storage 2 | 1 . . 1 . Processor . | . . . . . Hackware . | . . . . . Protection . | . . . . . Artifact . | . . . . . Weapon 11 | 2 . 1 6 2 Energy Gun 4 | 1 . . 2 1 Energy Cannon 1 | . . . 1 . Ballistic Gun 6 | 1 . 1 3 1 Ballistic Cannon . | . . . . . Launcher . | . . . . . Special Weapon . | . . . . . Impact Weapon . | . . . . . Slashing Weapon . | . . . . . Piercing Weapon . | . . . . . Special Melee Weapon . | . . . . . Unidentified Prototypes . | . . . . . Parts Lost 24 | . . . 12 12 Power 4 | . . . 2 2 Propulsion 11 | . . . 6 5 Utility 2 | . . . 1 1 Weapon 7 | . . . 3 4 Highest Loss Streak 12 | . . . 6 12 To Critical Strikes . | . . . . . Average Slot Usage (%) 88 | . 99 100 87 64 Engine 11 | . 14 14 10 12 Leg 33 | . 28 28 38 19 Device 5 | . 14 14 3 . Storage 11 | . 14 14 11 9 Protection 2 | . . . 3 3 Energy Gun 10 | . 14 14 9 11 Energy Cannon 1 | . . . 2 . Ballistic Gun 10 | . 13 14 8 8 Peak Build Rating 15 | 7 7 7 13 15 Average Rating 7 | 6 6 7 9 9 On Entrance 6 | . 7 6 7 13 Naked Turns . | . . . . . Heaviest Build 35 | 15 15 14 27 35 Greatest Support 40 | 20 20 20 40 40 Greatest Overweight (x) 6 | . . . . 6 Average Overweight (x) . | . . . . . Largest Inventory Capacity 10 | 8 8 8 10 10 Average Capacity 8 | 7 8 8 8 10 Most Carried 8 | 5 7 5 8 7 Average Carried 4 | 3 5 5 6 5 Final Capacity 10 | 8 8 8 10 10 Final Carried 8 | 4 6 5 8 5 Class Distribution -------------------- 83% | Mutant 14% | Scavenger-Mutant Dominant Class ---------------- Mutant | -10/Materials Mutant | -10/Mines Scavenger-Mutant | -9/Materials Mutant | -8/Materials Resources | -11 -10 -10 -9 -8 ----------- Run | Yrd Mat Min Mat Mat Matter Collected 785 | 327 147 . 311 . Remotely . | . . . . . Salvage Created 1184 | 120 167 . 835 62 Parts 78 | 9 9 . 50 10 Haulers Intercepted . | . . . . . Recyclers Shooed . | . . . . . Parts Field Recycled . | . . . . . Retrieved Matter . | . . . . . Parts Self-Destructed . | . . . . . Prevented . | . . . . . Kills | -11 -10 -10 -9 -8 ------- Run | Yrd Mat Min Mat Mat Combat Hostiles Destroyed 25 | . 3 . 18 4 Guns 19 | . 3 . 12 4 Cannons 6 | . . . 6 . Classes Destroyed 8 | 2 2 . 4 . Tunneler 3 | 3 . . . . Recycler 1 | 1 . . . . Mechanic 1 | . . . 1 . Watcher 3 | . 1 . 2 . Swarmer 6 | . . . 2 4 Grunt 13 | . 3 . 10 . Brawler 1 | . . . 1 . Sentry 5 | . . . 5 . Best Kill Streak 4 | 2 3 . 4 4 Combat Bots Only 4 | . 2 . 4 4 Max Kills in Single Turn 1 | 1 1 . 1 1 Gunslinging . | . . . . . Exploded . | . . . . . Melee . | . . . . . Uniques/NPCs Destroyed . | . . . . . Combat | -11 -10 -10 -9 -8 -------- Run | Yrd Mat Min Mat Mat Hostile Shots Fired 316 | . 29 . 172 115 Missed 81 | . 8 . 55 18 Damage Taken 3249 | . 301 . 1564 1384 Core 851 | . 77 . 215 559 Absorbed by Shields . | . . . . . Core Remaining (%) 71 | 100 . 69 46 . Volleys Fired 136 | 17 18 . 85 16 Largest 3 | 2 2 . 2 3 Hottest 135 | 70 70 . 96 135 Shots Fired 251 | 34 36 . 146 35 Gun 224 | 34 36 . 119 35 Cannon 27 | . . . 27 . Launcher . | . . . . . Special . | . . . . . Kinetic 121 | 17 18 . 67 19 Thermal 130 | 17 18 . 79 16 Explosive . | . . . . . Electromagnetic . | . . . . . Robot Hit Streak 14 | 4 6 . 14 8 Robot Miss Streak 5 | 4 3 . 4 5 Penetration Max . | . . . . . Secondary Targets 2 | . . . . 2 Max Gunslinging Chain 1 | . . . . 1 Shots Hit Robots 146 | 15 22 . 89 20 Core Hits 55 | 5 8 . 34 8 Critical Kills . | . . . . . Critical Parts Destroyed . | . . . . . Critical Strikes 3 | 1 . . 1 1 Burn 3 | 1 . . 1 1 Melee Attacks . | . . . . . Impact . | . . . . . Slashing . | . . . . . Piercing . | . . . . . Sneak Attacks . | . . . . . Combat Hostiles . | . . . . . Follow-up Attacks . | . . . . . Damage Inflicted 1945 | 186 267 . 1231 261 Guns 1694 | 186 267 . 980 261 Cannons 225 | . . . 225 . Explosions 26 | . . . 26 . Melee . | . . . . . Ramming . | . . . . . Kinetic 821 | 98 119 . 459 145 Thermal 1098 | 88 148 . 746 116 Explosive 26 | . . . 26 . Electromagnetic . | . . . . . Impact . | . . . . . Slashing . | . . . . . Piercing . | . . . . . Highest Corruption . | . . . . . Average Corruption . | . . . . . Corruption Purged . | . . . . . Corruption Blocked . | . . . . . Overload Shots . | . . . . . Overflow Damage 20 | . . . 20 . Projectiles 16 | . . . 16 . Explosions 4 | . . . 4 . Melee . | . . . . . Knockbacks . | . . . . . Impact . | . . . . . Kinetic . | . . . . . Secondary . | . . . . . Self-Inflicted Damage 98 | . . . 98 . Shots 1 | . . . 1 . Rammed . | . . . . . Targets Rammed . | . . . . . Kicked . | . . . . . Crushed . | . . . . . Highest Temperature 479 | 36 94 . 447 479 Average Temperature 109 | 13 42 . 92 300 Received Heat Transfer 1266 | . 150 . 576 540 Effects 11 | . . . 4 7 Shutdowns 2 | . . . 1 1 Energy Bleed 4 | . . . 1 3 Interference 3 | . . . 1 2 Matter Decay 1 | . . . . 1 Damage (minor) 1 | . . . 1 . Siege Activations . | . . . . . Robots Corrupted . | . . . . . Combat Hostiles . | . . . . . Parts Fried . | . . . . . Impact Corruptions . | . . . . . Robots Melted . | . . . . . Combat Hostiles . | . . . . . Parts Melted 5 | 1 1 . 3 . Heat Transferred 2953 | 333 444 . 1806 370 Parts Sabotaged . | . . . . . Parts Stolen . | . . . . . Parts Stripped . | . . . . . Power Chain Reactions . | . . . . . Alert | -11 -10 -10 -9 -8 ------- Run | Yrd Mat Min Mat Mat Peak Influence 378 | 30 127 49 378 116 Initial 49 | . 19 49 18 46 Average 60 | 3 93 49 190 74 Maximum Alert Level 1 | . . . 1 . Low Security (%) 88 | 100 100 100 53 100 Level 1 11 | . . . 46 . Level 2 . | . . . . . Level 3 . | . . . . . Level 4 . | . . . . . Level 5 . | . . . . . High Security . | . . . . . Max Security . | . . . . . Squads Dispatched 3 | . . . 2 1 Investigation 1 | . . . . 1 Extermination . | . . . . . Reinforcement 2 | . . . 2 . Assault . | . . . . . Garrison . | . . . . . Intercept . | . . . . . Searches Triggered . | . . . . . Construction Impeded . | . . . . . Haulers Reinforced . | . . . . . Active Scanning Responses . | . . . . . Cargo Convoy Interrupts . | . . . . . Stealth | -11 -10 -10 -9 -8 --------- Run | Yrd Mat Min Mat Mat Distress Signals 5 | . 1 . 3 1 Communications Jammed . | . . . . . Distress Signals . | . . . . . Times Spotted 47 | 2 9 . 26 10 Peak Tracking Total 8 | 2 3 . 8 7 Tactical Retreats 2 | 1 . . 1 . Traps | -11 -10 -10 -9 -8 ------- Run | Yrd Mat Min Mat Mat Traps Triggered 1 | . 1 . . . Indirectly . | . . . . . Trap Hack Attempts . | . . . . . Triggered . | . . . . . Disarmed . | . . . . . Reprogrammed . | . . . . . Reused . | . . . . . Traps Extracted . | . . . . . Installed . | . . . . . Triggered . | . . . . . Machines | -11 -10 -10 -9 -8 ---------- Run | Yrd Mat Min Mat Mat Machines Disabled 3 | . . . 2 1 Max in Single Turn 1 | . . . 1 1 Machines Repaired . | . . . . . Machines Dismantled . | . . . . . Machines Sabotaged . | . . . . . Overloaded Fab Kills . | . . . . . Hacking | -11 -10 -10 -9 -8 --------- Run | Yrd Mat Min Mat Mat Machines Accessed 8 | . 1 . 6 1 Terminals 5 | . . . 5 . Fabricators . | . . . . . Repair Stations 1 | . . . 1 . Recycling Units 1 | . 1 . . . Scanalyzers . | . . . . . Garrison Access 1 | . . . . 1 Total Hacks 20 | . 6 . 12 2 Successful 11 | . 5 . 6 . Failed 9 | . 1 . 6 2 Catastrophic 1 | . . . . 1 Database Lockouts . | . . . . . Manual . | . . . . . Terminals 8 | . . . 8 . Fabricators . | . . . . . Repair Stations 4 | . . . 4 . Recycling Units 6 | . 6 . . . Scanalyzers . | . . . . . Garrison Access 2 | . . . . 2 Terminal Hacks 5 | . . . 5 . Alert Level 1 | . . . 1 . Unreport Threat 1 | . . . 1 . Dispatch Records 1 | . . . 1 . Security Status 1 | . . . 1 . Hauler Manifests 1 | . . . 1 . Fabricator Hacks . | . . . . . Repair Station Hacks 1 | . . . 1 . Refit 1 | . . . 1 . Recycling Unit Hacks 5 | . 5 . . . Recycle Component 2 | . 2 . . . Process 1 | . 1 . . . Report Inventory 1 | . 1 . . . Retrieve Matter 1 | . 1 . . . Scanalyzer . | . . . . . Garrison Access Hacks . | . . . . . Unauthorized Hacks . | . . . . . Terminals . | . . . . . Fabricators . | . . . . . Repair Stations . | . . . . . Recycling Units . | . . . . . Scanalyzers . | . . . . . Garrison Access . | . . . . . Data Cores Recovered . | . . . . . Used . | . . . . . Hacking Detections 5 | . . . 4 1 Full Trace Events 2 | . . . 1 1 Feedback Events . | . . . . . Feedback Blocked . | . . . . . Robot Schematics Acquired . | . . . . . Robots Built . | . . . . . Authchips . | . . . . . Time . | . . . . . Total Robot Build Rating . | . . . . . Part Schematics Acquired . | . . . . . Parts Built . | . . . . . Authchips . | . . . . . Time . | . . . . . Total Part Build Rating . | . . . . . Parts Repaired . | . . . . . Time . | . . . . . Parts Recycled 2 | . 2 . . . Recycled Matter 58 | . 58 . . . Retrieved Matter 58 | . 58 . . . Retrieved Components . | . . . . . Parts Scanalyzed . | . . . . . Part Schematics Acquired . | . . . . . Parts Damaged . | . . . . . Bothacking | -11 -10 -10 -9 -8 ------------ Run | Yrd Mat Min Mat Mat Used RIF Installer . | . . . . . Robots Hacked . | . . . . . Non-combat . | . . . . . Combat . | . . . . . Robot Hacks Applied . | . . . . . Relay Couplers Released . | . . . . . Fabnet Peak Effective % . | . . . . . Robots Rewired . | . . . . . Allies Hacked . | . . . . . Hacks Repelled . | . . . . . Allies | -11 -10 -10 -9 -8 -------- Run | Yrd Mat Min Mat Mat Total Allies 3 | . . 3 . . Largest Group 3 | . . 3 3 . Highest-Rated Group 40 | . . 40 40 . Highest-Rated Ally 16 | . . 16 16 . Total Orders . | . . . . . Ally Attacks 24 | . . . 24 . Total Damage 246 | . . . 246 . Kills 4 | . . . 4 . Allies Corrupted 1 | . . . 1 . Allies Melted . | . . . . . Intel | -11 -10 -10 -9 -8 ------- Run | Yrd Mat Min Mat Mat Robot Analysis Total . | . . . . . Derelict Logs Recovered 1 | . . 1 . . Drone Launches . | . . . . . Drone Recoveries . | . . . . . Exploration | -11 -10 -10 -9 -8 ------------- Run | Yrd Mat Min Mat Mat Turns Passed 3333 | 2051 271 54 839 118 Spaces Moved 1169 | 447 178 45 451 48 Core 16 | 9 . . . 7 Treads . | . . . . . Legs 1153 | 438 178 45 451 41 Wheels . | . . . . . Hover . | . . . . . Flight . | . . . . . Fastest Speed 50 | 50 120 120 120 120 Average Speed 120 | 118 120 120 120 148 Slowest Speed 350 | 120 120 120 120 350 Overloaded Moves . | . . . . . Propulsion Burnouts . | . . . . . Robots Hopped . | . . . . . Cave-ins Triggered . | . . . . . Exploration Rate (%) 19 | 14 35 18 25 5 Regions Visited 4 Branch Regions 1 Pre-discovered Areas . | . . . . . Known Exits Taken . | . . . . . Unknown Exits Taken 4 | 1 1 1 1 . Scrap Searched . | . . . . . Spaces Dug . | . . . . . Terrain Destroyed 51 | . . . 51 . Melee . | . . . . . Projectile . | . . . . . AOE 51 | . . . 51 . Terrain Rammed . | . . . . . Walls Destroyed . | . . . . . Machines Disabled . | . . . . . Actions | -11 -10 -10 -9 -8 --------- Run | Yrd Mat Min Mat Mat Total 2862 | 1933 199 45 616 69 Wait 1483 | 1451 . . 32 . Move 1165 | 446 177 44 450 48 Hop . | . . . . . Pick Up 39 | 11 4 . 23 1 Fast Attach . | . . . . . Attach 25 | 7 . 1 13 4 Detach . | . . . . . Swap 7 | 1 . . 6 . Drop 7 | . . . 7 . Fire 136 | 17 18 . 85 16 Melee . | . . . . . Ram . | . . . . . Kick . | . . . . . Crush . | . . . . . Escape Stasis . | . . . . . Rewire . | . . . . . Trap . | . . . . . Miscellaneous . | . . . . . Route ------- -11/Scrapyard -10/Materials -10/Mines -9/Materials -8/Materials History --------- Turn | Location | Event 5 | -11/Scrapyard | Discovered new exit (range 15) 1986 | -11/Scrapyard | Assembled infested the area 2052 | -11/Scrapyard | Entered Materials 2053 | -10/Materials | Build established: Mutant 2240 | -10/Materials | Discovered new exit (range 12) 2323 | -10/Materials | Entered Mines 2338 | -10/Mines | Assisted by bots powering up and referring to "LRC-V3" 2348 | -10/Mines | Learned Materials emergency access door positions 2357 | -10/Mines | Discovered new exit (range 14) 2377 | -10/Mines | Entered Materials 2377 | -9/Materials | Accompanied by 3 allies 2377 | -9/Materials | Evolved 2 slots: Propulsion x2 2763 | -9/Materials | Lost 6 parts (1p3n2w) 3051 | -9/Materials | Build established: Scavenger-Mutant 3115 | -9/Materials | Core integrity fell below 50% 3148 | -9/Materials | Discovered new exit (range 10) 3216 | -9/Materials | Entered another Materials area 3216 | -8/Materials | Evolved 2 slots: Power x1, Weapon x1 3316 | -8/Materials | Core integrity fell below 50% 3332 | -8/Materials | Core integrity fell below 20% 3334 | -8/Materials | Destroyed by G-47 Trooper with Particle Gun Last Messages --------------- 03291_ Autogun destroyed. 03291_ W-25 Informer suffers critical hit (Burn). 03292_ Overheating: System interference. 03292_ Beam Rifle temporarily disabled. 03292_ Lgt. Assault Rifle temporarily disabled. 03293_ Overheating: Energy bleed (-66). 03293_ R-06 Scavenger collects Lgt. Assault Rifle. 03296_ R-06 Scavenger collects Lgt. Ion Engine. 03299_ Aluminum Leg destroyed. 03310_ Beam Rifle destroyed. 03312_ Power failure, Rnf. Ion Engine shutdown. 03312_ Overheating: Matter decay (-37). 03312_ Lgt. Assault Rifle destroyed. 03313_ Overheating: Energy bleed (-39). 03318_ Rnf. Ion Engine destroyed. 03320_ Critical hit (Burn: +37). 03327_ Aluminum Leg destroyed. 03331_ Atomic Centrifuge disabled. 03332_ K-01 Serf collects debris. 03334_ R-06 Scavenger collects Lgt. Ion Engine. Map ----- +----------------------------------------------------+ | ?????????????????????????????????????????????????? | | ?????????????????????????????????????????????????? | | ?????????????????????????????????????????????????? | | ?????????????????????????????????????????????????? | | ?????????????????????????????????????????????????? | | ?????????????????????????????????????????????????? | | ?????????????????????????????????????????????????? | | ?????????????????? ????????????????????????????? | | ????????????????? ????????????????????????????? | | ????????????????? ????????????????????????????? | | ????????????????? ! ????????????????????????????? | | ?????????????????# ????????????????????????????? | | ?????????????????# ????????????????????????????? | | ?????????????????# ????????????????????????????? | | ?????????????????+ #???????????????????????????? | | ?????????????????# #???????????????????????????? | | ?????????????????# ##########??????????????????? | | ?????????????????# # #??????????????????? | | ?????????????????# # """ #??????????????????? | | ???????????????### # " #??????????????????? | | ???????????????? # # #??????????????????? | | ????????????? + + gu #??????????????????? | | ??????????????"" # # """Ygkr#??????????????????? | | ?????????????????# # """ Y########## #????? | | ?????????????????# # "" =a a%u ? | | ?????????????????# # @ =%########## ? | | ?????????????????# ######g###??????????????????? | | ?????????????????# # #????????????????????? | | ?????????????????# + #????????????????????? | | ?????????????????# # " " #????????????????????? | | ?????????????????# # "G" #????????????????????? | | ?????????????????# # " #????????????????????? | | ?????????????????##### ! #????????????????????? | | ?????????????????????########????????????????????? | | ?????????????????????????????????????????????????? | | ?????????????????????????????????????????????????? | | ?????????????????????????????????????????????????? | | | | | | | | | | | | | | | | | | | | | | | | | | | +----------------------------------------------------+ Best States ------------- Heat Dissipation 31 Energy Generation 17 Energy Capacity 415 Matter Stores 300 Matter Capacity 300 Sight Range 16 Terrain Scan Density 10 Armor Coverage 80 Evasion (%) 55 Item Schematics ----------------- None Robot Schematics ------------------ None Fabricated ------------ Nothing Alien Tech Used ----------------- None Achievements -------------- None Challenges ------------ None Game ------ Seed PiercingHoverThruster Manual? 0 Play Time 00:17:30 Cumulative 11.2 hours Start 2024.12.20 @ 16:46:46 End 2024.12.20 @ 17:02:53 Sessions 1 Manual Loads 0 Difficulty Rogue Special Mode None Game No. 60 Rogue 60 Adventurer 0 Explorer 0 Win Type - Total 0 Types 0/0/0/0/0/0/0/0/0 Lore% 10 Gallery% 16 Achievement% 19 Wizard Run 0 Options --------- Layout 0 ASCII 0 Keyboard 0 Movement Mouse Keybinds 0 Fullscreen 1 Font 18/SmallcapsGlow Map View 38x25 Zoom Use 99% Tactical HUD 1 Map Filters NONE Filters NONE Steam 1 RUN: 4f4b4286-f312-4f19-a556-92f4c68eea64